 Dungeon Crawl Stone Soup version 0.31-a0-1539-g569d6c7dce (webtiles) character file.

Game seed: 3591543260014293431

4270 wilk the Grappler (level 10, -19/97 HPs)
             Began as a Troll Gladiator on Jan 2, 2024.
             Was a Believer of Makhleb.
             Demolished by a death yak (22 damage)
             ... on level 9 of the Dungeon.
             The game lasted 00:41:27 (5446 turns).

wilk the Grappler (Troll Gladiator)                 Turns: 5446, Time: 00:41:27

Health: -19/97     AC:  5    Str: 25    XL:     10   Next: 10%
Magic:  9/9        EV: 16    Int:  8    God:    Makhleb [**....]
Gold:   547        SH:  5    Dex: 12    Spells: 9/9 levels left

rFire   . .          .
                       - Unarmed
rCold   . . .        (no shield)
rNeg    . . .        F - +1 robe {Will+}
rPois   .            b - +0 hat
rElec   .            (no cloak)
rCorr   .            (gloves unavailable)
SInv    .            (boots unavailable)
Will    +....        B - amulet of reflection
Stlth   ++           j - +5 ring of evasion
HPRegen 1.16/turn    A - +4 ring of slaying
MPRegen 0.11/turn

%: reflection
@: no status effects
A: large, unfitting armour, claws 3, regeneration 1, shaggy fur 1, tough skin 1,
clever 1
a: Renounce Religion, Minor Destruction


You were on level 9 of the Dungeon.
You worshipped Makhleb.
Makhleb was pleased with you.
You visited 2 branches of the dungeon, and saw 11 of its levels.

You collected 547 gold pieces.

Inventory:

Hand Weapons
 E - a +1 shortbow of flaming
Missiles
 c - a throwing net (quivered)
 m - 74 stones
Armour
 b - a +0 hat (worn)
 u - a +2 robe
 F - a +1 robe of willpower (worn)
Jewellery
 j - a +5 ring of evasion (left claw)
 k - a ring of flight
 q - a +6 ring of intelligence
 A - a +4 ring of slaying (right claw)
 B - an amulet of reflection (around neck)
Wands
 v - a wand of iceblast (4)
 x - a wand of paralysis (5)
 z - a wand of mindburst (3)
Scrolls
 e - a scroll of silence
 f - 3 scrolls of teleportation
 g - a scroll of summoning {unknown}
 h - 2 scrolls of vulnerability {unknown}
 i - a scroll of noise {unknown}
 l - a scroll of acquirement {unknown}
 n - a scroll of enchant weapon {unknown}
 o - a scroll of blinking {unknown}
 s - a scroll of torment {unknown}
 y - a scroll of fog {unknown}
 C - a scroll of revelation {unknown}
Potions
 a - a potion of ambrosia
 p - a potion of resistance
 r - 2 potions of curing
 t - a potion of degeneration
 w - 2 potions of magic {unknown}
 D - a potion of cancellation {unknown}
 G - a potion of lignification {unknown}
 H - a potion of haste {unknown}


   Skills:
 * Level 5.6 Fighting
 - Level 1.9 Throwing
 + Level 5.3 Dodging
 + Level 2.4 Stealth
 + Level 0.9 Shields
 + Level 11.1 Unarmed Combat
 + Level 1.4 Evocations


You had 9 spell levels left.
You didn't know any spells.
Your spell library contained the following spells:

 Spells                   Type           Power      Damage    Failure   Level
 Volatile Blastmotes      Fire/Tloc      0%         2d10      78%         3
 Fulminant Prism          Conj/Alch      0%         3d5       99%         4
 Iskenderun's Mystic Bla  Conj/Tloc      0%         2d3       99%         4


Dungeon Overview and Level Annotations

Branches:
Dungeon (10/15)            Temple (1/1) D:4
   Lair: D:8-11         Orc: D:9-12

Altars:
Ashenzari
Cheibriados
Dithmenos
Fedhas
Gozag
Hepliaklqana
Kikubaaqudgha
Makhleb
Nemelex Xobeh
Qazlal
Ru
Sif Muna
Uskayaw
Vehumet
Wu Jian
Xom
Yredelemnul
The Shining One


Innate Abilities, Weirdness & Mutations

You are too large for most types of armour.
You have claws for hands.
Your natural rate of healing is unusually fast.
You are covered in fur. (AC +1)
You have tough skin. (AC +1)
Your mind is acute. (Int +4, Str/Dex -1)


Message History

Throw: large rock
Press: ? - help, Shift-Dir - straight line, f - vampire, p - death yak
Aim: a vampire (62% to hit)
You throw a large rock. The large rock hits the vampire!!
The vampire is heavily damaged.
A death yak comes into view.
A gnoll sergeant comes into view. It is wielding a +0 trident.
A death yak comes into view.
The death yak gores you!
There is a stone staircase leading up here.
The death yak bellows!
You claw the death yak!
The death yak is moderately wounded.
You hear a shout!
You hear a roar!
The death yak misses you. The gnoll closely misses you.
You mangle the death yak!!
The death yak is heavily wounded.
You block the death yak's attack.
A gnoll comes into view.
It is wielding a +0 halberd and quivering a throwing net.
A kobold comes into view. It is wielding a +0 club.
The death yak gores you!!
The vampire gestures at you while chanting.
You resist with almost no effort. The death yak gores you.
The death yak gores you!
You climb upwards.
There is a stone staircase leading down, spattered with blood here.
Things that are here:
a killer bee corpse; a yak corpse You claw the death yak!
The death yak is lightly wounded.
You block the death yak's attack. The death yak gores you!!
* * * LOW HITPOINT WARNING * * *
The death yak gores you.
* * * LOW HITPOINT WARNING * * *
You scratch the death yak.
The death yak is lightly wounded.
The death yak gores you!!
* * * LOW HITPOINT WARNING * * *
The death yak closely misses you. The death yak gores you!!
You die...

##8..8#.......# #.## #.# #
#...>.........###..# #.# #
#.............##...#####.# #
##8..8#.......##.≈.......# #
##..##.......##.........# #
### ####....##._[......#####
#....##..............
#..)Y##.≈............
#...@................
#..Y.Y...........####
#....####......†.# #....#
#........# #....####......††#
# #......<.........# ~#
#########................##~#
#..........######.........~~#
#..........# #........≈≈##


You could see 3 death yaks.

Vanquished Creatures
  A hornet (D:7)
  Sigmund (D:5)
  A shadow (D:7)
  6 yaks (D:9)
  2 wyverns (D:8)
  2 steam dragons (D:7)
  Menkaure (D:4)
  2 water moccasins
  5 orc warriors
  A phantom (D:5)
  2 bullfrogs (D:7)
  2 scorpions
  A wight (D:7)
  5 killer bees (D:9)
  4 howler monkeys
  A bombardier beetle (D:5)
  3 jellies
  4 orc priests
  4 hounds
  3 sleepcaps (D:5)
  3 iguanas
  4 orc wizards
  3 adders
  A shadow imp (D:7)
  A white imp (D:7)
  2 dart slugs
  3 ribbon worms
  26 orcs
  9 ball pythons
  5 endoplasms
  2 giant cockroaches
  6 goblins
  7 hobgoblins
  8 jackals
  3 quokkas (D:1)
  6 bats
  7 frilled lizards
  A kobold (D:2)
  10 rats
158 creatures vanquished.

Notes
Turn   | Place    | Note
-------+----------+-------------------------------------------
     0 | D:1      | wilk the Troll Gladiator began the quest for the Orb.
     0 | D:1      | Reached XP level 1. HP: 19/19 MP: 0/0
    47 | D:1      | Reached XP level 2. HP: 28/28 MP: 1/1
   682 | D:2      | Reached XP level 3. HP: 35/35 MP: 2/2
   873 | D:2      | Found a faded altar of an unknown god.
  1247 | D:2      | Reached skill level 4 in Unarmed Combat
  1428 | D:2      | Reached XP level 4. HP: 42/42 MP: 3/3
  1741 | D:3      | Reached XP level 5. HP: 49/49 MP: 4/4
  1750 | D:3      | Found a hide-covered altar of Uskayaw.
  1995 | D:3      | Identified the orb "Ewkorrits" {*Rage, rF++ rC- rN+ Ice}
  2169 | D:3      | Found a burning altar of Makhleb.
  2177 | D:3      | Became a worshipper of Makhleb the Destroyer
  2329 | D:4      | Found a staircase to the Ecumenical Temple.
  2340 | D:4      | Noticed Menkaure
  2348 | D:4      | Killed Menkaure
  2349 | D:4      | Reached skill level 5 in Unarmed Combat
  2349 | D:4      | Reached XP level 6. HP: 33/59 MP: 5/5
  2354 | Temple   | Entered the Ecumenical Temple
  2790 | D:5      | Entered Level 5 of the Dungeon
  2937 | D:5      | Noticed Sigmund
  2948 | D:5      | Killed Sigmund
  2949 | D:5      | Reached skill level 1 in Stealth
  2949 | D:5      | Reached skill level 6 in Unarmed Combat
  2949 | D:5      | Reached XP level 7. HP: 52/67 MP: 6/6
  3001 | D:5      | Gained mutation: Your mind is acute. (Int +4, Str/Dex -1)
                  | [potion of mutation]
  3135 | D:5      | Reached skill level 7 in Unarmed Combat
  3232 | D:5      | Reached XP level 8. HP: 72/78 MP: 7/7
  3417 | D:6      | You are sucked into a shaft and drop 2 floors!
  3420 | D:8      | Found a radiant altar of Vehumet.
  3531 | D:8      | Reached skill level 8 in Unarmed Combat
  3635 | D:8      | Found an ancient bone altar of Kikubaaqudgha.
  3749 | D:8      | Found a snail-covered altar of Cheibriados.
  3790 | D:8      | Found a stormy altar of Qazlal.
  3848 | D:8      | Reached * piety under Makhleb
  3992 | D:7      | Reached skill level 9 in Unarmed Combat
  4024 | D:7      | Reached XP level 9. HP: 83/85 MP: 8/8
  4419 | D:7      | Reached skill level 5 in Fighting
  4419 | D:7      | Reached skill level 10 in Unarmed Combat
  4426 | D:7      | Reached skill level 5 in Dodging
  4889 | D:9      | Reached ** piety under Makhleb
  4890 | D:9      | Reached skill level 1 in Evocations
  5312 | D:9      | Found a shimmering altar of Xom.
  5333 | D:9      | Reached skill level 11 in Unarmed Combat
  5333 | D:9      | Reached XP level 10. HP: 96/96 MP: 9/9
  5436 | D:10     | Entered Level 10 of the Dungeon
  5436 | D:10     | Noticed a death yak
  5436 | D:10     | Noticed a death yak
  5436 | D:10     | Noticed a death yak
  5439 | D:10     | Noticed a death yak
  5440 | D:10     | Noticed a death yak
  5446 | D:9      | HP: 3/97 [death yak (23)]
  5446 | D:9      | Demolished by a death yak

Illustrated notes

Levels and vault maps discovered:
D:1:      dpeg_arrival_windows_large_door, layout_loops_ring
D:2:      layout_basic, hellmonk_ecumenical_altar_slurped_away,
          kennysheep_big_empty_room
D:3:      layout_basic, old_standard_altar, lightli_temple_of_fire,
          hangedman_decor_diamond_cutter, uniq_robin
D:4:      kennysheep_big_flooded_room, layout_loops_cross,
          kennysheep_little_box, mainiacjoe_overflow_24_doors,
          minmay_temple_entry_gardened_gates, kennysheep_flooded_box,
          uniq_menkaure
D:5:      layout_loops_ring, hellmonk_no_cap, uniq_sigmund
D:6:      layout_basic, nicolae_shop_sticking_my_neck_out
D:7:      minmay_clustersquares, layout_basic, serial_bayou_lagoon_a
D:8:      layout_loops_ring, nicolae_overflow_hidden_temple, vehumet_crystals,
          nicolae_qazlal_eye_of_the_storm, cheibriados_altar_1,
          minmay_crystal_water
D:9:      layout_small_grid, trog_hazing_becter,
          mainiacjoe_overflow_tiny_flanked, chequers_serial_rivers_small_a,
          st_stairs_6, hangedman_decor_slide_cut,
          chequers_serial_rivers_micro_a, nrook_campfire
D:10:     layout_layer_cave, old_standard_altar, dpeg_lair_monsters, orc_0_dummy
Temple:   grunt_temple_mini_profane

Skill      XL: |  1  2  3  4  5  6  7  8  9 |
---------------+----------------------------+-----
Dodging        | 3 4 5 |  5.3
Fighting       | 2 3 4 5 |  5.6
Unarmed Combat | 4 5 6 7 9 11 | 11.1
Stealth        | 1 2 |  2.4
Evocations     | 1 |  1.4
Throwing       | |  1.9
Shields        | |  0.9

Action                     |  1- 3 |  4- 6 |  7- 9 | 10-12 || total
---------------------------+-------+-------+-------+-------++-------
  Melee: Unarmed           |   115 |    83 |   194 |    12 ||   404
         Punch             |     2 |       |    12 |     1 ||    15
  Throw: Large rock        |     1 |     2 |     5 |     1 ||     9
         Stone             |       |    11 |     4 |       ||    15
         Throwing net      |       |       |     3 |       ||     3
  Evoke: Wand              |       |       |    13 |     1 ||    14
    Use: Scroll            |       |     1 |     9 |       ||    10
         Potion            |       |       |     1 |       ||     1
   Stab: Sleeping          |     1 |     2 |     1 |       ||     4
 Armour: Robe              |    52 |    32 |    67 |    13 ||   164
  Dodge: Dodged            |    73 |    35 |   118 |     8 ||   234
  Block: Other             |       |       |    14 |     5 ||    19

Table legend: (Time is in decaauts)
 A = Elapsed time spent in this place.
 B = Non-inter-level travel time spent in this place.
 C = Inter-level travel time spent in this place.
 D = Time resting spent in this place.
 E = Time spent auto-exploring this place.
 F = Levels seen in this place.
 G = Mean time per level.
                   A        B        C        D        E       F      G
               +--------+--------+--------+--------+--------+-----+--------+
         Total |   5403 |   1024 |   4379 |     53 |      0 |  11 |  491.2 |
       Dungeon |   5263 |   1018 |   4245 |     53 |      0 |  10 |  526.3 |
        Temple |    139 |      5 |    134 |      0 |      0 |   1 |  139.0 |
               +--------+--------+--------+--------+--------+-----+--------+

Top non-repeatable levels by time:
     D:7: 968 daAuts
     D:2: 956 daAuts
     D:1: 662 daAuts
     D:3: 637 daAuts
     D:5: 600 daAuts
     D:9: 571 daAuts
     D:8: 455 daAuts
     D:4: 381 daAuts
  Temple: 139 daAuts
     D:6: 20 daAuts
    D:10: 8 daAuts
